 Dungeon Crawl Stone Soup version 0.31-a0-1074-g0b22e4e0f1 (webtiles) character file.

Game seed: 9242432508256715413

596 Jeffwins the Ruffian (level 7, -7/51 HPs)
             Began as an Armataur Shapeshifter on Nov 26, 2023.
             Mangled by an ogre
             ... wielding a +0 giant club
              (23 damage)
             ... on level 5 of the Dungeon.
             The game lasted 00:05:05 (4118 turns).

Jeffwins the Ruffian (Armataur Shapeshifter)        Turns: 4118, Time: 00:05:05

Health: -7/51      AC:  7    Str: 20    XL:     7   Next: 17%
Magic:  7/7        EV:  9    Int: 12    God:
Gold:   274        SH:  4    Dex:  9    Spells: 6/6 levels left

rFire   . .          .
                       - Unarmed
rCold   . . .        m - +0 buckler {AC+3}
rNeg    . . .        a - +0 animal skin
rPois   .            (helmet currently unavailable)
rElec   .            (cloak currently unavailable)
rCorr   .            (gloves currently unavailable)
SInv    +            (no barding)
Will    .....        (no amulet)
Stlth   +            v - ring of see invisible
HPRegen 0.28/turn    (no ring)
MPRegen 0.10/turn

%: roll
@: beast-form
A: beast (slay +2), large, deformed body, tough skin 3, armoured tail, roll 2,
long tongue
a: Begin Untransformation


You were on level 5 of the Dungeon.
You were a hulking beast.
You visited 1 branch of the dungeon, and saw 5 of its levels.

You collected 274 gold pieces.


Innate Abilities, Weirdness & Mutations

You are a hulking beast.
Your limbs bulge with bestial killing power. (Slay +2)
Armour fits poorly on your strangely shaped body.
You have extremely tough skin. (AC +3)
You have a long armoured tail.
You roll and regenerate health when moving toward enemies. (Rampage Heal)
Your long tongue fully drains potion bottles. (2x potion effects)


   Skills:
 - Level 0.8 Fighting
 + Level 2.2 Throwing
 - Level 1.3 Dodging
 + Level 2.6 Shields
 * Level 5.1 Unarmed Combat
 * Level 4.7 Shapeshifting


You had 6 spell levels left.
You didn't know any spells.
Your spell library contained the following spells:

 Spells                   Type           Power      Damage    Failure   Level
 Sandblast                Erth           0%         2d4       38%         1
 Summon Small Mammal      Summ           0%         N/A       38%         1
 Passwall                 Tmut/Erth      0%         N/A       52%         2
 Call Canine Familiar     Summ           0%         N/A       77%         3
 Stone Arrow              Conj/Erth      0%         3d7       77%         3
 Summon Guardian Golem    Hex/Summ       0%         N/A       77%         3
 Brom's Barrelling Bould  Conj/Erth      0%         2d3       99%         4

Inventory:

Hand Weapons
 k - a +4 whip
 z - a +2 demon blade of draining
Missiles
 l - 6 curare-tipped darts (quivered) {=f}
 s - 11 poisoned darts
Armour
 a - a +0 animal skin (worn)
 b - a +0 pair of gloves
 m - a +0 buckler of protection (worn)
 x - an orb of mayhem
 F - a +0 kite shield
Magical Staves
 p - a staff of cold
Jewellery
 v - a ring of see invisible (left hand)
Talismans
 c - a beast talisman
 d - a flux talisman
Scrolls
 e - 2 scrolls of immolation {!r}
 f - a scroll of teleportation {unknown}
 g - a scroll of acquirement {unknown}
 n - a scroll of revelation {unknown}
 o - 6 scrolls of identify {unknown}
 q - 3 scrolls of fog {unknown}
 u - 2 scrolls of poison {unknown}
 w - 2 scrolls of brand weapon {unknown}
 y - a scroll of vulnerability {unknown}
 G - a scroll of torment {unknown}
Potions
 h - a potion of brilliance {unknown}
 i - 4 potions of curing {unknown}
 j - 2 potions of heal wounds {unknown}
 r - a potion of mutation {unknown}
 t - a potion of berserk rage {unknown}
 A - a potion of invisibility {unknown}
 B - a potion of attraction {unknown}
 C - a potion of haste {unknown}
 E - a potion of magic {unknown}

Dungeon Overview and Level Annotations

Branches:
Dungeon (5/15)
 Temple: D:4-7

Altars:
Xom

#.# #.##.##.#
#...# ###
#.......# #...#
#####.#### #>..#
#.....# ##...####
#######
#####.........
#...†.........
####.###.........
#................
#.##.#h###.......
# #O# .......
#..............
#.#.#O##...####
#.#.# .## . ..#
.. ## ### .# #


You could see 2 ogres.


Message History

Unknown command.
You barely miss the ogre. The ogre hits you with a +0 giant club.
You punch the ogre!
The ogre is heavily wounded.
You hit the ogre.
The ogre is heavily wounded.
The ogre hits you with a +0 giant club!
You barely miss the ogre.
The ogre is heavily wounded.
An ogre comes into view. It is wielding a +0 giant spiked club.
The ogre hits you with a +0 giant club!!
* * * LOW HITPOINT WARNING * * *
The ogre shouts!
Unknown command.
You are too injured to fight recklessly!
You are too injured to fight recklessly!
You are too injured to fight recklessly!
Unknown command.
Unknown command.
Aiming: Iceblast
Press: ? - help, Shift-Dir - straight line The mass of ice explodes!
The iceblast engulfs the ogre!
The ogre is severely wounded.
The iceblast engulfs the ogre!
The ogre is severely wounded.
The now-empty wand crumbles to dust.
You hit the ogre. You tail-slap the ogre.
The ogre is almost dead.
The ogre hits you with a +0 giant club!!
You die...

Skill      XL: |  1  2  3  4  5  6  7 |
---------------+----------------------+-----
Unarmed Combat | 3 4 5 |  5.1
Shapeshifting  | 3 4 |  4.7
Shields        | 1 2 |  2.6
Throwing       | 1 2 |  2.2
Fighting       | |  0.8
Dodging        | |  1.3

Action                     |  1- 3 |  4- 6 |  7- 9 || total
---------------------------+-------+-------+-------++-------
  Melee: Unarmed           |    83 |   223 |    23 ||   329
         Tailslap          |     8 |    21 |     3 ||    32
         Punch             |     1 |       |       ||     1
  Evoke: Wand              |       |       |     1 ||     1
    Use: Potion            |     1 |       |       ||     1
   Stab: Sleeping          |     2 |       |       ||     2
 Armour: Animal skin       |    43 |   132 |    13 ||   188
         Skin              |    16 |       |       ||    16
  Dodge: Dodged            |    37 |    94 |     5 ||   136
  Block: Buckler           |     2 |    34 |     1 ||    37

Levels and vault maps discovered:
D:1:      scummos_arrival_forest, layout_loops_corners,
          hellmonk_ecumenical_altar_blasted, minmay_misc_feat_encased
D:2:      layout_rooms, uniq_jessica
D:3:      minmay_thinvault, layout_basic, xom_teletrap_fun, uniq_natasha
D:4:      layout_basic, grunt_ministairs_2
D:5:      layout_loops_cross, minmay_temple_entry_glass,
          kennysheep_generic_room_11

Notes
Turn   | Place    | Note
-------+----------+-------------------------------------------
     0 | D:1      | Jeffwins the Armataur Shapeshifter began the quest for the
                  | Orb.
     0 | D:1      | Reached XP level 1. HP: 15/15 MP: 1/1
    18 | D:1      | Found a faded altar of an unknown god.
   218 | D:1      | Reached skill level 3 in Unarmed Combat
   302 | D:1      | Reached XP level 2. HP: 15/22 MP: 2/2
   391 | D:1      | Reached skill level 3 in Shapeshifting
   969 | D:2      | Reached XP level 3. HP: 11/27 MP: 3/3
  1070 | D:2      | Noticed Jessica
  1181 | D:2      | Killed Jessica
  1188 | D:1      | Reached XP level 4. HP: 9/34 MP: 4/4
  1572 | D:2      | Reached skill level 1 in Shields
  1714 | D:3      | Noticed Natasha
  1800 | D:3      | Reached skill level 1 in Throwing
  1811 | D:3      | Killed Natasha
  1812 | D:3      | Reached skill level 4 in Unarmed Combat
  1812 | D:3      | Reached XP level 5. HP: 22/39 MP: 5/5
  2112 | D:3      | Found a shimmering altar of Xom.
  2533 | D:3      | You fall into a shaft and drop 1 floor!
  2712 | D:3      | Noticed Natasha
  2728 | D:3      | Reached skill level 4 in Shapeshifting
  2743 | D:3      | Killed Natasha
  2796 | D:3      | Reached XP level 6. HP: 46/46 MP: 6/6
  2940 | D:3      | Noticed Natasha
  2949 | D:3      | Killed Natasha
  3289 | D:4      | Reached skill level 2 in Shields
  3653 | D:4      | Reached skill level 2 in Throwing
  3707 | D:4      | Gained mutation: You roll and regenerate health when moving
                  | toward enemies. (Rampage Heal) [Armataur growth]
  3707 | D:4      | Reached XP level 7. HP: 13/51 MP: 7/7
  3961 | D:5      | Entered Level 5 of the Dungeon
  4089 | D:5      | Reached skill level 5 in Unarmed Combat
  4118 | D:5      | Mangled by an ogre

Vanquished Creatures
  A phantom (D:5)
  A scorpion (D:4)
  2 hounds
  An orc priest (D:4)
  Jessica (D:2)
  Natasha (thrice) (D:3)
  3 orc wizards (D:4)
  10 adders
  2 worms
  3 dart slugs
  9 orcs
  8 ball pythons
  3 endoplasms
  4 giant cockroaches
  7 goblins
  7 hobgoblins
  4 jackals
  9 kobolds
  2 quokkas
  6 bats
  4 frilled lizards
  7 rats
97 creatures vanquished.

Table legend: (Time is in decaauts)
 A = Elapsed time spent in this place.
 B = Non-inter-level travel time spent in this place.
 C = Inter-level travel time spent in this place.
 D = Time resting spent in this place.
 E = Time spent auto-exploring this place.
 F = Levels seen in this place.
 G = Mean time per level.
                   A        B        C        D        E       F      G
               +--------+--------+--------+--------+--------+-----+--------+
         Total |   4126 |   4011 |    115 |    234 |   3006 |   5 |  825.2 |
       Dungeon |   4126 |   4011 |    115 |    234 |   3006 |   5 |  825.2 |
               +--------+--------+--------+--------+--------+-----+--------+

Top non-repeatable levels by time:
     D:3: 1142 daAuts
     D:4: 1045 daAuts
     D:1: 1022 daAuts
     D:2: 760 daAuts
     D:5: 155 daAuts

Table legend:
 A = Non-vault XP
 B = Vault XP
 C = Vault XP percentage of total XP
 D = Non-vault monster count
 E = Vault monster count
 F = Vault count percentage of total count
                 A         B        C        D         E       F
            +---------+---------+-------+---------+---------+-------
      Total |     647 |     205 |  24.1 |      76 |      21 |  21.6
            +---------+---------+-------+---------+---------+-------
        D:1 |      36 |       0 |   0.0 |      21 |       0 |   0.0
        D:2 |      73 |      50 |  40.7 |      19 |       2 |   9.5
        D:3 |     186 |      76 |  29.0 |      18 |      14 |  43.8
        D:4 |     238 |      79 |  24.9 |      16 |       5 |  23.8
        D:5 |     114 |       0 |   0.0 |       2 |       0 |   0.0
            +---------+---------+-------+---------+---------+-------
